Map: [ESL] Inside and Out

Players

LiquidClem (Clem)

  • Race: Terran Terran
  • Spawn Location: 7:00

ShoWTimE - Winner!

  • Race: Protoss Protoss
  • Spawn Location: 1:00

Event: HomeStory Cup XXI

VOD

Have the link to the VOD?

Description

Time

  • Played on: July 23, 2022, 5:34 a.m.
  • Length: 12:35

All games in this series

Show
View Real Time Build Order
Export as new Build Order

LiquidClem Terran 

Build Orders: Reaper Expand 

Get SALT Encoding   

  12  0:00  SCV  
  13  0:12  SCV  
  14  0:16  Supply Depot  
  14  0:24  SCV  
  15  0:38  SCV  
  15  0:40  Barracks  
  15  0:42  Refinery  
  16  0:50  SCV  
  17  1:02  SCV  
  18  1:14  SCV  
  19  1:28  Reaper  
  19  1:29  Orbital Command  
  20  1:41  Command Center  
  20  1:48  Supply Depot  
  20  1:54  SCV  
  20  2:00  Marine  
  22  2:06  SCV  
  22  2:08  Factory  
  23  2:15  Refinery  
  23  2:18  SCV, Barracks Reactor  
  24  2:30  SCV  
  25  2:42  SCV  
  28  2:52  Orbital Command  
  28  2:53  Starport  
  28  2:56  Marine x2, Widow Mine  
  28  2:58  SCV  
  31  3:10  SCV, Supply Depot  
  32  3:13  Marine x2  
  32  3:17  SCV, Widow Mine  
  37  3:22  SCV  
  38  3:29  Medivac  
  38  3:30  SCV  
  38  3:33  Barracks  
  41  3:35  SCV  
  41  3:36  Marine  
  41  3:38  Marine  
  41  3:39  Widow Mine  
  46  3:42  SCV  
  46  3:43  Supply Depot  
  46  3:47  SCV  
  48  3:54  SCV  
  49  3:56  Barracks  
  49  3:59  SCV  
  49  4:02  Factory Tech Lab, Starport Tech Lab  
  49  4:03  Marine x2  
  49  4:06  SCV  
  52  4:11  Engineering Bay, SCV  
  52  4:15  Supply Depot  
  53  4:19  SCV  
  53  4:21  Raven  
  53  4:23  SCV  
  57  4:27  Refinery  
  57  4:29  Marine  
  57  4:30  Siege Tank  
  61  4:32  SCV  
  61  4:36  Supply Depot  
  61  4:37  Marine  
  61  4:38  SCV  
  64  4:44  SCV  
  64  4:45  Refinery  
  65  4:46  Supply Depot, Marine  
  65  4:48  Marine  
  65  4:50  SCV  
  68  4:56  Terran Infantry Weapons Level 1  
  68  4:58  Supply Depot  
  68  4:59  SCV  
  69  5:02  SCV  
  69  5:04  Marine, Stimpack  
  71  5:11  Marine, SCV, Supply Depot  
  71  5:12  Combat Shield, Marine  
  74  5:14  SCV  
  74  5:17  Marauder  
  76  5:23  Marauder  
  76  5:24  SCV  
  76  5:26  SCV  
  79  5:30  Starport Reactor  
  79  5:33  Marine  
  79  5:34  Marine  
  79  5:35  Factory Reactor  
  80  5:38  Marauder  
  82  5:44  Marauder  
  82  5:48  Command Center  
  84  5:51  SCV x2  
  84  5:55  Supply Depot, Marine x2  
  88  6:04  Marauder  
  88  6:05  Supply Depot  
  88  6:06  Medivac, Marauder  
  88  6:07  Medivac  
  98  6:11  Widow Mine  
  98  6:12  Widow Mine  
  100  6:21  SCV  
  100  6:22  Barracks  
  100  6:23  Barracks, SCV  
  102  6:28  Marine x2, Supply Depot  
  102  6:31  Marauder  
  106  6:33  Marauder  
  106  6:35  SCV  
  106  6:36  SCV  
  110  6:41  Widow Mine x2  
  110  6:45  Medivac x2  
  118  6:49  Marine x2  
  118  6:53  Supply Depot  
  120  6:59  Marine  
  120  7:00  Marauder  
  121  7:02  SCV x2  
  121  7:05  SCV  
  121  7:07  Marine  
  120  7:08  Marine  
  120  7:11  Marine  
  112  7:18  Medivac x2, Marauder  
  112  7:19  Marine  
  112  7:21  Widow Mine  
  117  7:24  Marauder  
  117  7:28  SCV x2, Marine  
  109  7:36  Marine  
  106  7:38  Marine  
  106  7:40  SCV  
  106  7:41  SCV  
  106  7:45  Widow Mine x2  
  106  7:53  SCV x2  
  106  7:56  Terran Infantry Armor Level 1  
  107  7:59  Marine, Marauder x2  
  107  8:01  Marine  
  107  8:04  Marine  
  107  8:05  SCV x2  
  116  8:08  Marine, Widow Mine  
  117  8:15  Widow Mine  
  117  8:17  Marine  
  117  8:19  Marine  
  121  8:20  Marine, Marauder  
  121  8:23  Refinery  
  124  8:28  Barracks Tech Lab, Barracks Reactor  
  124  8:31  Command Center  
  124  8:32  Widow Mine  
  125  8:35  Supply Depot  
  125  8:36  Marine  
  125  8:37  Marine  
  125  8:38  Marauder  
  125  8:39  Widow Mine  
  131  8:45  Supply Depot  
  131  8:46  Marauder  
  133  8:51  Marauder  
  133  8:53  Medivac  
  133  8:54  Marine  
  133  8:55  Medivac  
  140  9:00  Marauder  
  140  9:01  Marine  
  138  9:04  Widow Mine x2  
  138  9:08  Marine x2, Marauder  
  138  9:12  Marine  
  138  9:13  Supply Depot  
  138  9:16  Ghost Academy, Concussive Shells  
  136  9:19  Marine  
  129  9:24  Marine  
  129  9:25  Marauder, Widow Mine  
  129  9:27  Widow Mine  
  129  9:29  SCV, Marauder  
  138  9:32  Marine x2  
  138  9:33  Marine  
  138  9:35  SCV  
  138  9:37  Marine  
  143  9:41  SCV  
  137  9:46  Marauder  
  137  9:50  Medivac x2  
  137  9:51  Widow Mine  
  137  9:52  Widow Mine  
  142  9:57  Ghost  
  136  10:04  Orbital Command  
  132  10:08  Ghost  
  132  10:10  Marine  
  132  10:11  Marine  
  132  10:13  Marine  
  137  10:15  Marine  
  137  10:16  Marine  
  137  10:20  Refinery  
  139  10:26  Widow Mine x2  
  139  10:28  SCV  
  142  10:29  SCV  
  142  10:32  Ghost  
  142  10:34  SCV  
  146  10:40  SCV  
  146  10:42  Marine x2  
  146  10:43  Marine  
  146  10:48  Viking x2  
  153  10:57  Command Center  
  153  11:01  Armory  
  153  11:04  Engineering Bay  
  153  11:06  Ghost  
  155  11:12  Marine x4  
  155  11:15  Marine  
  155  11:16  Marauder  
  162  11:19  Supply Depot  
  162  11:25  Supply Depot  
  162  11:27  SCV  
  159  11:33  Ghost  
  159  11:36  Viking x2, Marine  
  128  11:47  Widow Mine  
  128  11:52  Orbital Command  
  112  11:55  SCV  
  112  11:56  SCV  
  112  11:57  Marine  
  112  11:58  Marine  
  112  12:00  Marine  
  99  12:07  SCV  
  99  12:08  SCV  
  86  12:09  Marine  
  78  12:17  SCV  
  78  12:19  SCV  
  78  12:20  SCV  
Show
View Real Time Build Order
Export as new Build Order

ShoWTimE Protoss - Winner!

Build Orders: 1 Gate Expand, Archon Immortal, Blink Stalkers 

Get SALT Encoding   

  12  0:00  Probe  
  13  0:12  Probe  
  14  0:17  Pylon  
  14  0:24  Probe (Chrono Boost)  
  16  0:36  Probe (Chrono Boost), Gateway  
  16  0:43  Probe (Chrono Boost)  
  16  0:45  Assimilator  
  17  0:50  Probe  
  18  1:03  Probe  
  19  1:15  Probe  
  20  1:21  Nexus  
  20  1:31  Cybernetics Core  
  20  1:34  Probe  
  21  1:40  Assimilator  
  21  1:46  Probe  
  22  1:50  Pylon  
  22  1:58  Probe  
  23  2:05  Adept (Chrono Boost)  
  23  2:08  Warp Gate  
  25  2:10  Probe  
  26  2:18  Twilight Council  
  26  2:23  Probe  
  26  2:26  Stalker (Chrono Boost)  
  29  2:34  Probe (Chrono Boost)  
  31  2:40  Probe (Chrono Boost)  
  32  2:44  Probe (Chrono Boost)  
  32  2:48  Probe (Chrono Boost)  
  32  2:49  Probe (Chrono Boost), Blink (Chrono Boost)  
  34  2:59  Probe  
  34  3:00  Probe  
  34  3:01  Stalker  
  38  3:08  Gateway  
  38  3:11  Probe  
  39  3:13  Probe  
  40  3:20  Robotics Facility  
  40  3:24  Probe  
  40  3:25  Probe  
  42  3:34  Pylon  
  42  3:36  Probe  
  42  3:37  Probe  
  44  3:47  Nexus  
  44  3:48  Probe  
  44  3:51  Probe  
  45  4:01  Probe  
  46  4:03  Stalker x2, Assimilator  
  46  4:05  Probe  
  46  4:09  Observer  
  52  4:13  Probe  
  52  4:14  Pylon  
  52  4:15  Pylon  
  53  4:17  Probe  
  54  4:29  Forge  
  54  4:32  Stalker, Probe  
  54  4:35  Observer  
  54  4:36  Stalker  
  60  4:40  Charge (Chrono Boost)  
  60  4:41  Probe  
  60  4:44  Probe  
  62  4:49  Gateway  
  62  4:50  Gateway  
  62  4:53  Probe  
  62  4:55  Stalker  
  62  4:56  Probe  
  62  4:57  Protoss Ground Armor Level 1 (Chrono Boost)  
  66  5:00  Probe  
  66  5:05  Observer, Probe  
  68  5:09  Gateway  
  68  5:11  Gateway  
  68  5:22  Warp Prism (Chrono Boost)  
  68  5:24  Gateway  
  68  5:27  Gateway  
  70  5:32  Sentry x2  
  74  5:36  Probe x3  
  74  5:38  Pylon  
  77  5:44  Stalker x2  
  77  5:47  Pylon  
  77  5:48  Probe  
  82  5:51  Probe x2  
  82  5:54  Pylon  
  82  5:56  Immortal (Chrono Boost)  
  84  6:02  Shield Battery  
  88  6:06  Pylon  
  88  6:10  Zealot x3  
  94  6:16  Pylon, Zealot  
  94  6:17  Probe  
  97  6:21  Sentry, Zealot  
  97  6:24  Probe x2  
  103  6:28  Assimilator  
  103  6:29  Pylon  
  103  6:33  Assimilator  
  103  6:34  Immortal (Chrono Boost)  
  103  6:37  Pylon  
  107  6:41  Stalker  
  109  6:48  Probe  
  109  6:49  Protoss Ground Weapons Level 1 (Chrono Boost), Zealot x3  
  109  6:50  Zealot  
  109  6:52  Probe  
  119  6:54  Pylon  
  119  6:59  Zealot  
  119  7:00  Zealot  
  121  7:03  Zealot  
  121  7:07  Pylon  
  121  7:08  Probe  
  122  7:14  Zealot x4  
  118  7:18  Zealot x2  
  118  7:21  Probe  
  119  7:27  Zealot x2  
  123  7:31  Pylon  
  123  7:33  Templar Archives  
  121  7:40  Zealot x4  
  121  7:42  Probe  
  122  7:48  Probe x2  
  122  7:51  Warp Prism, Assimilator  
  116  7:55  Probe  
  113  8:01  Observer  
  113  8:15  High Templar x7  
  113  8:16  Zealot  
  113  8:19  Archon  
  121  8:20  Archon x2  
  121  8:24  Pylon  
  121  8:28  Immortal (Chrono Boost)  
  121  8:34  Pylon, Shield Battery  
  125  8:38  Pylon  
  125  8:39  High Templar  
  127  8:46  Archon  
  127  8:49  Zealot x5  
  127  8:50  Zealot x2  
  127  8:51  Observer  
  141  8:57  Immortal (Chrono Boost)  
  121  9:12  Zealot x2  
  121  9:13  Zealot  
  121  9:15  Stalker x5  
  137  9:20  Protoss Ground Weapons Level 2 (Chrono Boost)  
  131  9:27  Immortal (Chrono Boost)  
  135  9:35  Zealot x3  
  141  9:41  Observer  
  141  9:42  Stalker x5  
  141  9:43  Psionic Storm  
  145  9:59  Zealot x3  
  151  10:06  Zealot  
  153  10:09  High Templar x3  
  159  10:17  High Templar  
  159  10:20  Observer  
  162  10:27  Zealot x4  
  170  10:28  Nexus  
  170  10:29  Pylon  
  166  10:37  Robotics Bay  
  162  10:44  Robotics Facility  
  162  10:50  Zealot x8  
  179  10:57  Observer  
  179  11:00  Probe x3  
  182  11:10  Pylon  
  182  11:14  Photon Cannon  
  182  11:15  Photon Cannon x2  
  182  11:27  Zealot x6  
  182  11:31  Zealot  
  171  11:47  Archon  
  171  11:49  Disruptor x2 (Chrono Boost), Archon  
  147  11:57  Zealot x5  
  147  11:58  Zealot x3  
Tags
 
Add a new tag
Caveats
  • Supply blocks, unpowered buildings, or Contaminate may cause inaccurate times.
  • Supply counts are checked every 10 seconds.